 Dungeon Crawl Stone Soup version 0.29.0-11-gd7f09526c8 (webtiles) character file.

Game seed: 4510128525992243253

6 Monkooky the Sneak (level 1, 0/14 HPs)
             Began as a Ghoul Enchanter on Sept 4, 2022.
             Was a Follower of Wu Jian.
             Slain by a quokka (3 damage)
             ... on level 1 of the Dungeon.
             The game lasted 00:00:58 (208 turns).

Monkooky the Sneak (Ghoul Enchanter)                 Turns: 208, Time: 00:00:59

Health: 0/14       AC:  2    Str: 11    XL:     1   Next: 90%
Magic:  2/2        EV: 12    Int: 10    God:    Wu Jian [*.....]
Gold:   17         SH:  0    Dex:  9    Spells: 3/3 levels left

rFire   . . .      SeeInvis .     - Unarmed
rCold   + . .      Faith    .   (no shield)
rNeg    + + +      Spirit   .   b - +0 robe
rPois   ∞          Reflect  .   (no helmet)
rElec   .          Harm     .   (no cloak)
rCorr   .          Rampage  .   (no gloves)
Will    .....                   (no boots)
Stlth   ++........              (no amulet)
HPRegen 0.00/turn               (no ring)
MPRegen 0.08/turn               (no ring)

@: inhibited regen
A: claws 1, cold resistance 1, negative energy resistance 3, inhibited
regeneration, torment resistance 2, devour on kill
a: Renounce Religion


You were on level 1 of the Dungeon.
You worshipped Wu Jian.
Wu Jian was aware of your devotion.
You visited 1 branch of the dungeon, and saw 1 of its levels.

You collected 17 gold pieces.

Inventory:

Hand Weapons
 a - a +1 dagger
Armour
 b - a +0 robe (worn)
Scrolls
 d - a scroll of poison {unknown}
Potions
 c - 2 potions of invisibility


   Skills:
 - Level 0.8 Short Blades
 - Level 1.7 Dodging
 - Level 3.2 Stealth
 + Level 1.5 Unarmed Combat
 - Level 1.7 Spellcasting
 - Level 2.4 Hexes


You had 3 spell levels left.
You didn't know any spells.
Your spell library contained the following spells:

 Spells                   Type           Power      Damage    Failure   Level
 Ensorcelled Hibernation  Hex/Ice        6%         N/A       30%         2
 Sting                    Tmut/Pois      0%         1d3       32%         1
 Confusing Touch          Hex            5%         N/A       34%         3
 Tukima's Dance           Hex            5%         N/A       34%         3
 Poisonous Vapours        Pois/Air       0%         N/A       43%         2
 Dazzling Flash           Conj/Hex       6%         N/A       52%         3
 Olgreb's Toxic Radiance  Pois           0%         N/A       97%         4


Dungeon Overview and Level Annotations

Branches:
Dungeon (1/15)

Altars:
Wu Jian


Innate Abilities, Weirdness & Mutations

You are immune to poison.
You have sharp fingernails.
Your flesh is cold resistant. (rC+)
You are immune to negative energy. (rN+++)
You do not regenerate when monsters are visible.
You are immune to unholy pain and torment.
You thrive by killing the living.


Message History

The goblin is heavily wounded.
The goblin hits you but does no damage.
You scratch the goblin.
The goblin is almost dead.
The goblin hits you with a +0 dagger.
You scratch the goblin.
You kill the goblin!
The Council accepts your kill. The endoplasm freezes you.
You are frozen.
You resist.
You scratch the endoplasm.
You kill the endoplasm!
The Council accepts your kill.
You feel better.
No target in view!
No target in view!
d - a scroll labelled ESUABE DYWUAC You see here a +0 dagger.
A quokka comes into view.
You lunge at the quokka.
You closely miss the quokka. The quokka bites you.
You closely miss the quokka.
The quokka twitches its whiskers.
The quokka bites you.
You are too injured to fight recklessly!
You are too injured to fight recklessly!
You scratch the quokka.
The quokka is severely wounded.
The quokka bites you but does no damage.
You barely miss the quokka.
The quokka is severely wounded.
The quokka bites you.
* * * LOW HITPOINT WARNING * * *
The quokka completely misses you.
You completely miss the quokka.
The quokka is severely wounded.
The quokka barely misses you.
You closely miss the quokka. Your claw misses the quokka.
The quokka is severely wounded.
The quokka bites you.
You die...

#### ....######
.........####
............#
............##
............>####
................#
.#.##.@#....##.#
#r.####.##.####
........).......
..##.......##.####
... ..#####.##.# ..
##. ##.##.# # ..
##..##.######.#
#....#.##
....#.............#
#....#...
...................


You could see a quokka.

Vanquished Creatures
  An endoplasm (D:1)
  2 goblins (D:1)
  A hobgoblin (D:1)
  A rat (D:1)
5 creatures vanquished.

Notes
Turn   | Place    | Note
-------+----------+-------------------------------------------
     0 | D:1      | Monkooky the Ghoul Enchanter began the quest for the Orb.
     0 | D:1      | Reached XP level 1. HP: 14/14 MP: 2/2
    20 | D:1      | Found a faded altar of an unknown god.
    30 | D:1      | Prayed at the altar of an unknown god.
    30 | D:1      | Became a worshipper of the Wu Jian Council
    30 | D:1      | Reached * piety under Wu Jian
    56 | D:1      | Reached skill level 1 in Unarmed Combat
   208 | D:1      | Slain by a quokka

Illustrated notes

Levels and vault maps discovered:
D:1:      matt_arrival_diagonals, layout_basic, basic_ecumenical_altar,
          minmay_tree_intersection

Skill      XL: |  1 |
---------------+----+-----
Unarmed Combat | 1 |  1.5
Short Blades   | |  0.8
Dodging        | |  1.7
Stealth        | |  3.2
Spellcasting   | |  1.7
Hexes          | |  2.4

Action                   || total
-------------------------++-------
Melee: Dagger            ||    11
       Unarmed           ||    11
       Punch             ||     1
Invok: Lunge             ||     3
Armor: Robe              ||     4
Dodge: Dodged            ||     9
